 Dungeon Crawl Stone Soup version 0.25-a0-2-g6559c6c (webtiles) character file.

Game seed: 13528082617839310241, levelgen mode: deterministic

452 TheGoonsmith the Shield-Bearer (level 7, -10/82 HPs)
             Began as a Formicid Fighter on Oct 14, 2019.
             Was a Believer of Uskayaw.
             Mangled by an ogre
             ... wielding a +0 giant spiked club
              (17 damage)
             ... on level 6 of the Dungeon.
             The game lasted 00:07:48 (2877 turns).

TheGoonsmith the Shield-Bearer (Formicid Fighter)   Turns: 2877, Time: 00:07:48

Health: -10/82     AC: 23    Str: 23    XL:     7   Next: 26%
Magic:  0/7        EV:  2    Int:  7    God:    Uskayaw [**....]
Gold:   179        SH: 10    Dex: 10    Spells: 6/6 levels left

rFire    . . .     SeeInvis .   a - +0 war axe
rCold    . . .     Gourm    .   c - +0 shield
rNeg     + + +     Faith    .   (armour currently unavailable)
rPois    +         Spirit   +   (helmet unavailable)
rElec    .         Reflect  .   (cloak currently unavailable)
rCorr    .         Harm     .   (gloves currently unavailable)
MR       .....                  (boots currently unavailable)
Stlth    +.........             i - amulet of guardian spirit
HPRegen  0.23/turn              (no ring)
MPRegen  0.10/turn              (no ring)

@: tree-form
A: permanent stasis, dig shafts and tunnels, four strong arms
a: Stomp, Line Pass, Renounce Religion


You were on level 6 of the Dungeon.
You worshipped Uskayaw.
Uskayaw was noncommittal.
You were not hungry.
You were a tree.
You visited 1 branch of the dungeon, and saw 4 of its levels.

You collected 179 gold pieces.

Inventory:

Hand Weapons
 a - a +0 war axe (weapon)
Armour
 b - a +0 scale mail
 c - a +0 shield (worn)
 j - a +0 chain mail (melded)
Jewellery
 i - an amulet of guardian spirit (around neck)
 k - an uncursed amulet of the gourmand
 n - an uncursed amulet of magic regeneration {unknown}
Wands
 d - a wand of digging (6)
Scrolls
 e - a scroll of identify
 g - a scroll of amnesia
 o - a scroll of immolation {unknown}
Comestibles
 f - 6 rations
 m - a chunk of flesh


   Skills:
 + Level 4.7 Fighting
 * Level 4.8 Axes
 + Level 4.7 Armour
 + Level 5.2 Shields


You had 6 spell levels left.
You didn't know any spells.
Your spell library was empty.

Dungeon Overview and Level Annotations

Branches:
Dungeon (6/15)             Temple (0/1) D:6

Altars:
Cheibriados
Okawaru
Ru
Sif Muna
Uskayaw
The Shining One


Innate Abilities, Weirdness & Mutations

You cannot be hasted, slowed, berserked, paralysed or teleported.
You can dig through walls and to a lower floor.
Your four strong arms can wield two-handed weapons with a shield.
((You have a pair of large antennae on your head. (SInv)))


Message History

You closely miss the ogre.
The ogre hits you with a +0 giant spiked club!
* * * LOW HITPOINT WARNING * * *
You can now pass through a line of other dancers.
You are too injured to fight recklessly!
Unknown command.
It was a potion of cancellation.
You feel magically purged. You block the ogre's attack.
The ogre hits you but does no damage.
It was a potion of lignification.
You turn into a tree.
Your +0 chain mail melds into your body.
Your roots penetrate the ground.
The ogre hits you with a +0 giant spiked club!
* * * LOW HITPOINT WARNING * * *
The ogre hits you with a +0 giant spiked club!
* * * LOW HITPOINT WARNING * * *
You hit the ogre.
The ogre is heavily wounded.
You hit the ogre. You block the ogre's attack.
The ogre hits you with a +0 giant spiked club!
You die...

⌠.⌠#####............
.>.#........##.##..#
⌠.⌠#####.......##.## #
#......###.## #
#......#....# #.
#..........#.
#####.######..........#.
........#...#.........#.
......O♣...###..........
.......O...##...........
........................
#.........#...#.......#(
#...<.....#...#.#.....#.
................##...##.
.........>.........^..#.
......###.......#.......
#.......#.##....


You could see 2 ogres.

Vanquished Creatures
  Edmund (D:6)
  A bullfrog (D:6)
  A hound (D:6)
  An orc wizard (D:3)
  Natasha (thrice) (D:2)
  4 gnolls
  3 adders
  An ooze (D:2)
  A worm (D:3)
  2 dart slugs
  A leopard gecko (D:1)
  2 orcs (D:3)
  2 giant cockroaches
  7 goblins
  12 hobgoblins
  8 jackals
  2 quokkas (D:6)
  3 bats
  5 frilled lizards
  5 kobolds
  5 rats
70 creatures vanquished.

Notes
Turn   | Place    | Note
-------+----------+-------------------------------------------
     0 | D:1      | TheGoonsmith the Formicid Fighter began the quest for the
                  | Orb.
     0 | D:1      | Reached XP level 1. HP: 18/18 MP: 1/1
   106 | D:1      | Reached XP level 2. HP: 24/24 MP: 2/2
   369 | D:1      | Reached XP level 3. HP: 27/29 MP: 3/3
   722 | D:2      | Reached skill level 4 in Shields
   843 | D:2      | Reached XP level 4. HP: 25/37 MP: 4/4
  1428 | D:2      | Noticed Natasha
  1437 | D:2      | Killed Natasha
  1508 | D:2      | Reached XP level 5. HP: 42/42 MP: 5/5
  1599 | D:2      | Noticed Natasha
  1605 | D:2      | Killed Natasha
  1644 | D:2      | Noticed Natasha
  1659 | D:2      | Killed Natasha
  1945 | D:2      | Found a snail-covered altar of Cheibriados.
  2227 | D:3      | Reached XP level 6. HP: 44/48 MP: 6/6
  2229 | D:3      | Found a sacrificial altar of Ru.
  2232 | D:3      | Found a shimmering blue altar of Sif Muna.
  2235 | D:3      | Found a hide-covered altar of Uskayaw.
  2238 | D:3      | Found an iron altar of Okawaru.
  2252 | D:3      | Became a worshipper of Uskayaw the Reveler
  2445 | D:3      | Reached * piety under Uskayaw
  2447 | D:3      | Reached ** piety under Uskayaw
  2453 | D:3      | You fall into a shaft and drop 3 floors!
  2602 | D:6      | Found a staircase to the Ecumenical Temple.
  2658 | D:6      | Noticed Edmund
  2663 | D:6      | Reached skill level 5 in Shields
  2665 | D:6      | Reached *** piety under Uskayaw
  2671 | D:6      | Found a glowing golden altar of the Shining One.
  2673 | D:6      | Killed Edmund
  2673 | D:6      | Reached XP level 7. HP: 42/55 MP: 1/7
  2877 | D:6      | Mangled by an ogre

Levels and vault maps discovered:
D:1:      lemuel_arrival_muddy, layout_basic
D:2:      layout_rooms, kennysheep_slug_shrine, uniq_natasha
D:3:      layout_rooms, grunt_temple_overflow_cloverleaf, first_ration
D:6:      layout_cave_pools, lemuel_doored_altar, temple_doors_e,
          kennysheep_cross_bottleneck, minivault_27, uniq_edmund

Skill      XL: |  1  2  3  4  5  6 |
---------------+-------------------+-----
Shields        | 4 5 |  5.2
Axes           | 3 4 |  4.8
Fighting       | 4 |  4.7
Armour         | 4 |  4.7

Action                   |  1- 3 |  4- 6 |  7- 9 || total
-------------------------+-------+-------+-------++-------
Melee: War axe           |   117 |   146 |    18 ||   281
Invok: Line Pass         |       |     1 |       ||     1
 Abil: Dig               |       |     1 |       ||     1
       Shaft Self        |       |     1 |       ||     1
  Use: Potion            |     2 |     4 |     2 ||     8
       Scroll            |       |     6 |       ||     6
 Stab: Invisible         |       |     1 |       ||     1
       Paralysed         |       |     1 |       ||     1
  Eat: Chunk             |       |     5 |     3 ||     8
Armor: Scale mail        |    45 |       |       ||    45
       Chain mail        |    36 |    93 |    10 ||   139
Dodge: Dodged            |    37 |    55 |     4 ||    96
Block: Shield            |    89 |    78 |    10 ||   177

Table legend:
 A = Non-vault XP
 B = Vault XP
 C = Vault XP percentage of total XP
 D = Non-vault monster count
 E = Vault monster count
 F = Vault count percentage of total count
                 A         B        C        D         E       F
            +---------+---------+-------+---------+---------+-------
      Total |     450 |     197 |  30.4 |      67 |       3 |   4.3
            +---------+---------+-------+---------+---------+-------
        D:1 |      54 |       0 |   0.0 |      23 |       0 |   0.0
        D:2 |     163 |      39 |  19.3 |      25 |       2 |   7.4
        D:3 |      80 |       0 |   0.0 |      14 |       0 |   0.0
        D:6 |     153 |     158 |  50.8 |       5 |       1 |  16.7
            +---------+---------+-------+---------+---------+-------
